AoeStats
← TheFather

Enclosed

505444845Analyzed
1v1 RM · 23d ago on Sep 9, 2026· 18m 6s· 2 players
Game mode
Random Map
Map size
Tiny (2 player)
Population
200
Speed
Normal
Resources
Standard
Victory
Conquest
Starting age
Dark Age
Ending age
Imperial Age
RankedLock teamsTeams togetherTeam positionsShared explorationLock speedFull tech treeHidden civsTurbo modeCheats
Victory
Defeat
🇪🇸 Teutons · Spain
1158
+18
🇵🇱 Berbers · Poland
1201
-18
TheFather
7:08 Loom
9:37 Feudal Age
10:11 Double-Bit Axe
10:09 Horse Collar
17:29 Fletching
jtetjos
9:13 Loom
11:35 Feudal Age
15:26 Castle Age
16:40 Double-Bit Axe
Connection lost

Rejoining the realm…

Still unreachable

The connection could not be restored.

Session expired

The server has moved on; the page needs a fresh start.